AoeStats
← Hyper Fury

Black Forest

511378860Analyzed
2v2 RM · 12d ago on Oct 4, 2026· 63m 55s· 4 players
Game mode
Random Map
Map size
Medium (4 player)
Population
200
Speed
Normal
Resources
Standard
Victory
Conquest
Starting age
Dark Age
Ending age
Imperial Age
RankedLock teamsTeams togetherTeam positionsShared explorationLock speedFull tech treeHidden civsTurbo modeCheats
Victory
Defeat
🇨🇾 Teutons · Cyprus
797
+16
🇹🇷 Chinese · Türkiye
760
+18
vs
🇨🇦 Koreans · Canada
818
-18
🇫🇷 Burgundians · France
774
-16
Elyssaïr
1:10 Loom
1:33 Loom
10:03 Wheelbarrow
13:50 Feudal Age
14:17 Horse Collar
14:31 Double-Bit Axe
15:22 Heavy Plow
16:16 Bow Saw
19:10 Hand Cart
19:34 Stone Mining
22:29 Castle Age
21:33 Gold Mining
22:19 Stone Shaft Mining
21:59 Forging
21:51 Scale Mail Armor
21:59 Scale Barding Armor
23:39 Gold Shaft Mining
24:00 Squires
24:42 Iron Casting
25:19 Padded Archer Armor
27:01 Crop Rotation
27:38 Murder Holes
30:24 Two-Man Saw
30:47 Burgundian Vineyards
33:19 Chain Barding Armor
38:06 Imperial Age
36:55 Masonry
37:13 Caravan
40:20 Coinage
40:03 Guilds
40:41 Plate Barding Armor
42:20 Banking
42:32 Crossbowman
43:41 Ballistics
43:12 Elite Coustillier
44:41 Fletching
45:07 Leather Archer Armor
49:03 Bodkin Arrow
50:08 Blast Furnace
49:24 Chain Mail Armor
MrvlsPotato
0:26 Loom
11:57 Feudal Age
16:53 Castle Age
16:01 Double-Bit Axe
19:20 Wheelbarrow
20:08 Town Watch
21:41 Stone Mining
23:07 Fletching
23:13 Horse Collar
24:17 Arson
25:13 Scale Mail Armor
26:18 Bow Saw
27:13 Gold Mining
31:28 Imperial Age
29:37 Chain Mail Armor
30:11 Caravan
30:51 Bodkin Arrow
31:26 Hand Cart
32:52 Town Patrol
32:20 Capped Ram
33:33 Forging
33:32 Bracer
34:25 Elite Fire Lancer
36:34 Murder Holes
37:40 Chemistry
36:54 Fortified Wall
37:46 Plate Mail Armor
37:44 Pikeman
39:10 Gold Shaft Mining
38:47 Elite War Wagon
44:54 Iron Casting
44:34 Masonry
44:47 Ballistics
47:29 Halberdier
Hyper Fury
0:46 Loom
14:34 Feudal Age
16:19 Double-Bit Axe
16:16 Horse Collar
23:17 Stone Mining
23:18 Gold Mining
24:12 Wheelbarrow
23:23 Town Watch
28:09 Castle Age
26:58 Arson
30:28 Bow Saw
31:09 Caravan
31:48 Stone Shaft Mining
33:21 Crossbowman
33:22 Elite Skirmisher
34:04 Squires
35:13 Hand Cart
35:05 Heavy Plow
38:33 Forging
38:13 Fletching
38:23 Padded Archer Armor
38:24 Scale Mail Armor
38:29 Scale Barding Armor
38:47 Ballistics
39:07 Pikeman
41:20 Fortified Wall
41:05 Murder Holes
41:21 Masonry
42:03 Iron Casting
41:23 Bodkin Arrow
41:43 Leather Archer Armor
41:44 Chain Mail Armor
41:32 Great Wall
42:23 Coinage
46:47 Imperial Age
44:22 Town Patrol
46:10 Gold Shaft Mining
46:15 Thumb Ring
46:34 Chain Barding Armor
47:04 Halberdier
47:06 Elite Fire Lancer
48:53 Two-Man Saw
49:33 Blast Furnace
48:33 Bracer
49:05 Plate Mail Armor
48:23 Arrowslits
51:25 Plate Barding Armor
51:20 Ring Archer Armor
51:52 Chemistry
51:23 Architecture
50:22 Heavy Rocket Cart
51:29 Conscription
51:45 Rocketry
53:33 Elite Chu Ko Nu
53:43 Arbalester
58:56 Banking
59:14 Cavalier
59:54 Husbandry
60:05 Bloodlines
59:15 Light Cavalry
59:30 Heavy Scorpion
63:22 Fervor
63:28 Block Printing
63:13 Atonement
63:39 Illumination
63:09 Herbal Medicine
63:49 Theocracy
63:15 Devotion
63:35 Sanctity
CAN GÖÇER
0:28 Loom
14:00 Feudal Age
15:44 Double-Bit Axe
15:56 Horse Collar
18:02 Town Watch
18:12 Gold Mining
19:06 Stone Mining
21:41 Castle Age
22:29 Heavy Plow
22:43 Bow Saw
25:12 Stone Shaft Mining
24:55 Caravan
25:41 Wheelbarrow
25:55 Fortified Wall
29:15 Coinage
34:21 Imperial Age
32:31 Town Patrol
33:20 Masonry
34:05 Hand Cart
34:46 Scale Barding Armor
34:52 Forging
34:42 Scale Mail Armor
34:33 Fletching
34:43 Padded Archer Armor
36:05 Chemistry
35:21 Bloodlines
36:23 Crop Rotation
37:52 Banking
37:33 Guilds
38:33 Two-Man Saw
38:00 Ballistics
38:25 Arrowslits
39:05 Chain Barding Armor
39:01 Leather Archer Armor
38:57 Cavalier
40:16 Iron Casting
39:57 Chain Mail Armor
41:50 Plate Barding Armor
44:16 Blast Furnace
43:13 Bodkin Arrow
44:50 Elite Teutonic Knight
46:06 Hoardings
46:08 Ring Archer Armor
49:10 Siege Engineers
49:22 Onager
54:29 Plate Mail Armor
54:11 Paladin
54:59 Heavy Scorpion
63:14 Ironclad
62:24 Sappers
63:15 Crenellations
63:15 Conscription
62:19 Siege Onager
Connection lost

Rejoining the realm…

Still unreachable

The connection could not be restored.

Session expired

The server has moved on; the page needs a fresh start.